 Dungeon Crawl Stone Soup version 0.24-a0-528-g98e85ec (webtiles) character file.

Game seed: 12011547971359076075

49 BoppinsLewinski the Skirmisher (level 3, 0/29 HPs)
             Began as a Demonspawn Abyssal Knight on Aug 6, 2019.
             Was a Follower of Lugonu.
             Slain by Duvessa
             ... wielding a +0 rapier
              (4 damage)
             ... on level 4 of the Dungeon.
             The game lasted 00:07:39 (3973 turns).

BoppinsLewinski the Skirmisher (DsAK)               Turns: 3973, Time: 00:07:39

Health: 0/29       AC:  6    Str:  8 (9)  XL:     3   Next: 53%
Magic:  4/4        EV: 10    Int: 12 (13) God:    Lugonu [*.....]
Gold:   144        SH:  0    Dex: 11 (12) Spells: 2/2 levels left

rFire    . . .     SeeInvis .     - Unarmed
rCold    . . .     Gourm    .   (no shield)
rNeg     . . .     Faith    .   s - +0 ring mail
rPois    .         Spirit   .   (helmet restricted)
rElec    .         Reflect  .   (no cloak)
rCorr    .         Harm     .   l - +0 pair of gloves
MR       .....     Clarity  +   (no boots)
Stlth    +.........             (no amulet)
HPRegen  0.09/turn              (no ring)
MPRegen  0.09/turn              (no ring)

@: no status effects
A: antennae 1, claws 1, clarity, weak 2, wild magic 1
a: Depart the Abyss, Renounce Religion


You were on level 4 of the Dungeon.
You worshipped Lugonu.
Lugonu was aware of your devotion.
You were full.

You visited 1 branch of the dungeon, and saw 4 of its levels.
You visited the Abyss 1 time.

You collected 144 gold pieces.

Inventory:

Armour
 l - a +0 pair of gloves (worn)
 s - a +0 ring mail (worn)
Jewellery
 i - a +3 ring of dexterity {unknown}
 m - an uncursed ring of magical power {unknown}
 n - an uncursed ring of protection from magic {unknown}
Scrolls
 a - 2 scrolls of magic mapping {unknown}
 e - 6 scrolls of identify {unknown}
 f - a scroll of blinking {unknown}
 g - 3 scrolls of remove curse {unknown}
 h - 3 scrolls of fog {unknown}
 k - a scroll of enchant weapon {unknown}
 q - 4 scrolls of enchant armour {unknown}
 r - a scroll of amnesia {unknown}
Potions
 d - a potion of heal wounds
Comestibles
 c - 8 rations


   Skills:
 + Level 3.4 Fighting
   Level 2.2 Long Blades
 - Level 1.7 Armour
 + Level 1.6 Dodging
 * Level 1.5 Unarmed Combat
 - Level 2.4 Invocations


You had 2 spell levels left.
You didn't know any spells.
Your spell library was empty.

Dungeon Overview and Level Annotations

Branches:
Dungeon (4/15)
 Temple: D:4-7

Altars:
Trog

Annotations:
D:4 Dowan, Duvessa


Innate Abilities, Weirdness & Mutations

You have a pair of small antennae on your head.
You have sharp fingernails.
You possess an exceptional clarity of mind.
You are very weak. (Str -4)
Your spells are a little harder to cast, but a little more powerful.


Message History

* * * LOW HITPOINT WARNIN'
* * * Thar be a stone staircase leadin' up, spatt'red wit' blood 'ere.
Ye be too injured ta fight recklessly!
Ye be too injured ta fight recklessly!
Unknown command.
Ye be too injured ta fight recklessly!
Unknown command.
Ye be too injured ta fight recklessly!
Unknown command.
Ye be too injured ta fight recklessly!
Unknown command.
Ye be too injured ta fight recklessly!
Ye hit Duvessa but do nay damage.
Dowan gestures wildly while chantin'.
Dowan blinks!
Ye hit Duvessa but do nay damage.
Duvessa closely misses ye.
Dowan casts a spell at Duvessa.
Duvessa seems ta speed up.
Ye barely miss Duvessa.
Duvessa hits ye wit' a +0 rapier.
Ye die...

#...##....###
#..#.# .....
###..#### #..#.#
...#
#..#..###.#..##
#.
###.....#....#.#
#
#.e..###....####
###....#....###
#..ยง###.......##
#..>##e#
##...##..###
...## #@#
##.#####..# # ###
### ##.## #.##
###


You could see Duvessa and Dowan.

Vanquished Creatures
  An adder (D:2)
  A worm (D:2)
  2 leopard geckos
  A giant cockroach (D:2)
  9 goblins
  3 hobgoblins
  2 kobolds
  3 quokkas
  5 bats
  6 rats
33 creatures vanquished.

Notes
Turn   | Place    | Note
-------+----------+-------------------------------------------
     0 | Abyss:1  | BoppinsLewinski the Demonspawn Abyssal Knight began the
                  | quest for the Orb.
     0 | Abyss:1  | Reached XP level 1. HP: 18/18 MP: 2/2
     0 | D:1      | Escaped the Abyss
     7 | D:1      | Noticed a lindwurm
     7 | D:1      | Noticed a salamander
     8 | D:1      | Noticed a komodo dragon
     8 | D:1      | Noticed a swamp drake
    74 | D:1      | Reached skill level 1 in Dodging
    76 | D:1      | Reached * piety under Lugonu
   324 | D:1      | Gained mutation: You have sharp fingernails. [demonic
                  | ancestry]
   324 | D:1      | Reached XP level 2. HP: 23/24 MP: 3/3
  1355 | D:2      | Reached skill level 1 in Unarmed Combat
  1407 | D:2      | Gained mutation: You have a pair of small antennae on your
                  | head. [demonic ancestry]
  1407 | D:2      | Reached XP level 3. HP: 29/29 MP: 4/4
  1464 | D:2      | Found a bloodstained altar of Trog.
  3082 | D:4      | Noticed Dowan
  3082 | D:4      | Noticed Duvessa
  3163 | D:4      | Gained mutation: You expend magic power (3 MP) to
                  | strengthen your wands. [potion of mutation]
  3163 | D:4      | Gained mutation: You possess an exceptional clarity of
                  | mind. [potion of mutation]
  3968 | D:3      | Lost mutation: You expend magic power (3 MP) to strengthen
                  | your wands. [potion of mutation]
  3968 | D:3      | Lost mutation: You possess an exceptional clarity of mind.
                  | [potion of mutation]
  3968 | D:3      | Gained mutation: You possess an exceptional clarity of
                  | mind. [potion of mutation]
  3968 | D:3      | Gained mutation: You are weak. (Str -2) [potion of
                  | mutation]
  3968 | D:3      | Gained mutation: You are very weak. (Str -4) [potion of
                  | mutation]
  3968 | D:3      | Gained mutation: Your spells are a little harder to cast,
                  | but a little more powerful. [potion of mutation]
  3973 | D:4      | Slain by Duvessa

Levels and vault maps discovered:
D:1:      onia_arrival_zoo_common, layout_loops_corners
D:2:      layout_basic, first_ration, minivault_4, minivault_4, bloody_trog
D:3:      layout_basic
D:4:      layout_layer_cave, gammafunk_temple_overflow_forgotten,
          hangedman_decor_points, uniq_duvessa

Skill      XL: |  1  2 |
---------------+-------+-----
Dodging        | 1 |  1.6
Long Blades    | 2 |  2.2
Unarmed Combat | 1 |  1.5
Fighting       | |  3.4
Armour         | |  1.7
Invocations    | |  2.4

Action                   || total
-------------------------++-------
Melee: Falchion          ||    24
       Unarmed           ||   154
Invok: Depart the Abyss  ||     1
  Use: Potion            ||     7
 Stab: Sleeping          ||     1
  Eat: Chunk             ||     7
       Ration            ||     2
Armor: Leather armour    ||    41
       Ring mail         ||     1
Dodge: Dodged            ||   111
       Rpst.: Falchion   ||     5

Table legend:
 A = Non-vault XP
 B = Vault XP
 C = Vault XP percentage of total XP
 D = Non-vault monster count
 E = Vault monster count
 F = Vault count percentage of total count
                 A         B        C        D         E       F
            +---------+---------+-------+---------+---------+-------
      Total |      71 |       0 |   0.0 |      33 |       0 |   0.0
            +---------+---------+-------+---------+---------+-------
        D:1 |      17 |       0 |   0.0 |      11 |       0 |   0.0
        D:2 |      41 |       0 |   0.0 |      15 |       0 |   0.0
        D:3 |      13 |       0 |   0.0 |       7 |       0 |   0.0
            +---------+---------+-------+---------+---------+-------
